 Adventure DCSS version bcrawl-1.27.3 (webtiles) character file.

Game seed: 128119721991186325

103337 galech the Skirmisher (level 4, 37/37 HPs)
             Began as a Demonspawn Fighter on Sept 21, 2020.
             Quit the game on level 5 of the Dungeon.
             The game lasted 00:02:45 (3332 turns).

galech the Skirmisher (Demonspawn Fighter)          Turns: 3332, Time: 00:02:45

Health: 37/37      AC:  9    Str: 17    XL:     4   Next: 81%
Magic:  4/4        EV:  3    Int:  9    God:
Gold:   320        SH:  9    Dex: 19    Spells: 3/3 levels left
                                        Lives:  1   Deaths: 1

rFire    . . .     SeeInvis .   a - +0 war axe
rCold    . . .     Gourm    .   c - +0 medium shield
rNeg     . . .     Faith    .   r - +0 chain mail
rPois    .         Spirit   .   (no helmet)
rElec    .         Reflect  .   (no cloak)
rCorr    .         Harm     .   (no gloves)
MR       +....                  (no boots)
Stlth    ..........             (no amulet)
HPRegen  0.12/turn              j - +6 ring of dexterity
MPRegen  0.09/turn              y - ring of protection from magic

@: no status effects
A: hooves 1, spiny 1
a: no special abilities


You were on level 5 of the Dungeon.
You were not hungry.

You visited 1 branch of the dungeon, and saw 5 of its levels.

You collected 320 gold pieces.

Inventory:

Hand Weapons
 a - a +0 war axe (weapon)
Armour
 b - a +0 scale mail
 c - a +0 medium shield (worn)
 r - a +0 chain mail (worn)
 x - a +0 pair of boots
Jewellery
 j - a +6 ring of dexterity (left hand)
 y - a ring of protection from magic (right hand)
Scrolls
 f - a scroll of fog {unknown}
 g - a scroll of fear
 h - 4 scrolls of teleportation
 i - 3 scrolls of remove curse
 k - a scroll of enchant weapon
 l - a scroll of blinking {unknown}
 m - 2 scrolls of enchant armour {unknown}
 n - 2 scrolls of amnesia {unknown}
 q - a scroll of immolation {unknown}
 s - a scroll of magic mapping {unknown}
 t - 2 scrolls of identify
Potions
 d - 3 potions of might
 o - a potion of agility {unknown}
 p - a potion of lignification {unknown}
 u - a potion of curing {unknown}
 v - a potion of invisibility {unknown}
 w - 2 potions of ambrosia {unknown}
Comestibles
 e - 11 rations {!d}
 z - 4 chunks of flesh


   Skills:
 + Level 3.9 Fighting
 + Level 3.7 Axes
 + Level 3.5 Armour
 + Level 0.5 Dodging
 + Level 0.4 Stealth
 + Level 3.4 Shields


You had 3 spell levels left.
You didn't know any spells.
Your spell library was empty.

Dungeon Overview and Level Annotations

Branches:
Dungeon (5/12)
 Temple: D:4-7

Altars:
Gozag
Kikubaaqudgha
Makhleb
Ru
The Shining One

Shops:
D:4 (


Innate Abilities, Weirdness & Mutations

You have large cloven feet.
You are partially covered in sharp spines.


Message History

You hit the centaur.
The centaur is lightly wounded.
The centaur hits you.
* * * LOW HITPOINT WARNING * * *
The centaur hits you but does no damage.
Your shield prevents you from hitting the centaur.
Your kick misses the centaur.
The centaur is lightly wounded.
The centaur shoots an arrow.
The arrow hits you but does no damage. The centaur is struck by your spines.
The centaur hits you.
* * * LOW HITPOINT WARNING * * *
The centaur shoots an arrow.
The arrow hits you!
You die...
The centaur is struck by your spines. The centaur hits you.
Xom reaches out...
You are now level 4!
You rejoin the land of the living...
Found 89 javelins, a scroll labeled WAESCH YCEEJEIC and 14 gold pieces.
Found a stone staircase leading down.
Are you sure you want to abandon this character and quit the game? (Confirm with "yes".)

#..# #..
#...######..
#...?......
#.....>...
........#
......##
#.(...# #.@#
#.## #. #.
#. #. #$ ..


There were no monsters in sight!

Vanquished Creatures
  A jelly (D:4)
  A bullfrog skeleton (D:4)
  An orc wizard (D:4)
  4 worker ants (D:4)
  An adder (D:5)
  A howler monkey skeleton (D:4)
  An ooze (D:2)
  A dart slug (D:3)
  2 leopard geckos (D:1)
  5 orcs
  A bat (D:1)
  5 giant cockroaches
  4 goblins
  3 hobgoblins
  3 kobolds
  2 frilled lizards
  2 rats
38 creatures vanquished.

Notes
Turn   | Place    | Note
-------+----------+-------------------------------------------
     0 | D:1      | galech the Demonspawn Fighter began the quest for the Orb.
     0 | D:1      | Reached XP level 1. HP: 18/18 MP: 1/1
   415 | D:1      | Gained mutation: You have large cloven feet. [demonic
                  | ancestry]
   415 | D:1      | Reached XP level 2. HP: 24/24 MP: 2/2
   990 | D:2      | Found an opulent altar of Gozag.
  1024 | D:2      | Found a sacrificial altar of Ru.
  1216 | D:2      | Gained mutation: You are partially covered in sharp spines.
                  | [demonic ancestry]
  1216 | D:2      | Reached XP level 3. HP: 29/29 MP: 3/3
  2295 | D:4      | Reached XP level 4. HP: 31/35 MP: 4/4
  2390 | D:4      | Reached XP level 5. HP: 41/42 MP: 5/5
  2469 | D:4      | Found an ancient bone altar of Kikubaaqudgha.
  2499 | D:4      | Found Otih's Weapon Shop.
  2817 | D:4      | Found a burning altar of Makhleb.
  3075 | D:4      | Found a glowing golden altar of the Shining One.
  3168 | D:5      | Entered Level 5 of the Dungeon
  3325 | D:5      | Noticed a centaur
  3327 | D:5      | Noticed a centaur
  3331 | D:5      | Shot with an arrow by a centaur
  3332 | D:5      | Reached XP level 4. HP: -1/37 MP: 4/4
  3332 | D:5      | Quit the game

Skill      XL: |  1  2  3  4 |
---------------+-------------+-----
Axes           | 2 3 |  3.7
Shields        | 3 |  3.4
Armour         | 3 |  3.5
Fighting       | |  3.9
Dodging        | |  0.5
Stealth        | |  0.4

Action                   |  1- 3 |  4- 6 || total
-------------------------+-------+-------++-------
Melee: War axe           |    58 |    38 ||    96
       Kick              |    14 |     8 ||    22
  Use: Scroll            |     4 |       ||     4
  Eat: Chunk             |     4 |     7 ||    11
Armor: Scale mail        |    23 |       ||    23
       Chain mail        |     6 |    20 ||    26
Dodge: Dodged            |    11 |     3 ||    14
Block: Medium shield     |    35 |    24 ||    59
